 Dungeon Crawl Stone Soup version 0.27.1-2-g3b301248ec (webtiles) character file.

Game seed: 5900643380936727366

7 Sopaderocas the Conjurer (level 2, 0/15 HPs)
             Began as a Tengu Conjurer on Sept 27, 2021.
             Slain by a jackal (1 damage)
             ... on level 1 of the Dungeon.
             The game lasted 00:04:04 (167 turns).

Sopaderocas the Conjurer (Tengu Conjurer)            Turns: 167, Time: 00:04:04

Health: 0/15       AC:  2    Str:  7    XL:     2   Next: 0%
Magic:  1/6        EV: 12    Int: 18    God:
Gold:   0          SH:  0    Dex: 12    Spells: 4/5 levels left

rFire    . . .     SeeInvis .   b - +0 short sword
rCold    . . .     Faith    .   (no shield)
rNeg     . . .     Spirit   .   a - +0 robe
rPois    .         Reflect  .   (helmet restricted)
rElec    .         Harm     .   (no cloak)
rCorr    .         Rampage  .   (no gloves)
Will     .....                  (boots unavailable)
Stlth    ++........             (no amulet)
HPRegen  0.05/turn              (no ring)
MPRegen  0.10/turn              (no ring)

@: no status effects
A: beak, talons 3
a: no special abilities


You were on level 1 of the Dungeon.
You visited 1 branch of the dungeon, and saw 1 of its levels.

Inventory:

Hand Weapons
 b - a +0 short sword (weapon)
Armour
 a - a +0 robe (worn)


   Skills:
 + Level 2.4 Dodging
 + Level 2.0 Stealth
 + Level 2.0 Spellcasting
 + Level 5.6 Conjurations


You had 4 spell levels left.
You knew the following spells:

 Your Spells              Type           Power      Damage    Failure   Level
a - Magic Dart            Conj           88%        1d7       1%          1

Your spell library contained the following spells:

 Spells                   Type           Power      Damage    Failure   Level
 Searing Ray              Conj           44%        3d4       2%          2
 Dazzling Flash           Conj/Hex       24%        N/A       17%         3
 Fulminant Prism          Conj/Hex       6%         3d7       50%         4
 Iskenderun's Mystic Bla  Conj/Tloc      12%        2d5       50%         4


Dungeon Overview and Level Annotations

Branches:
Dungeon (1/15)

Altars:


Innate Abilities, Weirdness & Mutations

You have a beak for a mouth.
You have claws for feet.


Message History

You barely miss the jackal.
The jackal barks!
You claw the jackal.
You kill the jackal!
You hit the jackal. You claw the jackal.
You kill the jackal!
The jackal bites you but does no damage.
A rat comes into view.
The jackal bites you.
You have reached level 2!
You hit the jackal but do no damage. Your kick misses the jackal.
The jackal bites you but does no damage.
The jackal bites you.
A quokka comes into view.
The jackal misses you.
Your magical contamination has completely faded away.
You closely miss the jackal. The jackal bites you. x2
* * * LOW HITPOINT WARNING * * *
The jackal barely misses you.
You barely miss the jackal. You claw the jackal.
The jackal is heavily wounded.
The jackal barely misses you. x3
You hit the jackal but do no damage.
The jackal is heavily wounded.
The jackal barely misses you. The jackal closely misses you.
The jackal misses you.
A kobold comes into view. It is wielding a +0 dagger.
The kobold shouts!
You hit the jackal but do no damage. You peck the jackal.
The jackal is almost dead.
The jackal bites you.
* * * LOW HITPOINT WARNING * * *
The jackal bites you.
* * * LOW HITPOINT WARNING * * *
The jackal closely misses you.
You hit the jackal but do no damage. Your kick misses the jackal.
You peck the jackal, but do no damage.
The jackal is almost dead.
The jackal closely misses you. The jackal bites you.
You die...

...........#'#.##......##.######.
#####..........##......##.######.
#.###......##.........##...#.
#.....####.#.................
....... #.#.##########..#.##
#..#.#.#. #.#.# #..#.#
#.........#.#.# #..#.#
#..#...#.##.#h# #.##.#
......#...rh@# #....# #....###
###### #....# +....# #.....
#.[... #...#h. .... .. ##.## #h.


You could see 2 jackals and a rat.

Vanquished Creatures
  A ball python (D:1)
  A hobgoblin (D:1)
  2 jackals (D:1)
  A kobold (D:1)
  A rat (D:1)
6 creatures vanquished.

Notes
Turn   | Place    | Note
-------+----------+-------------------------------------------
     0 | D:1      | Sopaderocas the Tengu Conjurer began the quest for the Orb.
     0 | D:1      | Reached XP level 1. HP: 10/10 MP: 4/4
    27 | D:1      | Found a faded altar of an unknown god.
   162 | D:1      | Reached XP level 2. HP: 8/15 MP: 0/6
   167 | D:1      | Slain by a jackal

Illustrated notes

Levels and vault maps discovered:
D:1:      amcnicky_arrival_choice, layout_basic,
          hellmonk_ecumenical_altar_leap_of_faith

Action                   || total
-------------------------++-------
Melee: Short sword       ||    11
       Kick              ||     5
       Peck              ||     4
       Unarmed           ||     2
 Cast: Magic Dart        ||     7
Armor: Robe              ||     2
Dodge: Dodged            ||    16
